 Dungeon Crawl Stone Soup version 0.31-a0-524-g2a164cf6a2 (webtiles) character file.

Game seed: 13256729072623498196

433 AdnanSaban the Cudgeller (level 7, -6/43 HPs)
             Began as a Gargoyle Fighter on Aug 12, 2023.
             Mangled by Pikel
             ... wielding a +2 whip of freezing
              (12 damage)
             ... on level 5 of the Dungeon.
             The game lasted 00:02:40 (3328 turns).

AdnanSaban the Cudgeller (Gargoyle Fighter)         Turns: 3328, Time: 00:02:41

Health: -6/43      AC: 14    Str: 21    XL:     7   Next: 0%
Magic:  7/7        EV:  9    Int:  9    God:
Gold:   242        SH:  4    Dex:  9    Spells: 6/6 levels left

rFire   . . .        a - +0 flail
rCold   . . .        c - +0 buckler
rNeg    + . .        b - +0 scale mail
rPois   ∞            (no helmet)
rElec   +            (no cloak)
rCorr   .            j - +0 pair of gloves
SInv    .            p - +0 pair of boots
Will    .....        (no amulet) Stlth
                     (no ring)
HPRegen 0.27/turn    (no ring)
MPRegen 0.10/turn

%: no passive effects
@: no status effects
A: sickness immunity, AC +4, negative energy resistance 1, electricity
resistance, torment resistance 1, petrification resistance
a: no special abilities


You were on level 5 of the Dungeon.
You visited 1 branch of the dungeon, and saw 5 of its levels.

You collected 242 gold pieces.

Inventory:

Hand Weapons
 a - a +0 flail (weapon)
Missiles
 u - 2 poisoned darts
Armour
 b - a +0 scale mail (worn)
 c - a +0 buckler (worn)
 j - a +0 pair of gloves (worn)
 p - a +0 pair of boots (worn)
Jewellery
 h - a ring of fire
 m - a ring of ice
Wands
 t - a wand of light (6)
Scrolls
 e - a scroll of fear {unknown}
 f - 6 scrolls of identify {unknown}
 g - 3 scrolls of vulnerability {unknown}
 k - a scroll of teleportation {unknown}
 l - a scroll of fog {unknown}
 n - a scroll of immolation {unknown}
 r - a scroll of butterflies {unknown}
Potions
 d - a potion of might
 i - 2 potions of degeneration {unknown}
 o - a potion of resistance {unknown}
 q - a potion of enlightenment {unknown}
 s - 2 potions of curing {unknown}
 v - a potion of mutation {unknown}


   Skills:
 + Level 4.1 Fighting
 + Level 5.1 Maces & Flails
 + Level 4.8 Armour
 + Level 1.3 Dodging
 + Level 0.6 Stealth
 + Level 4.1 Shields


You had 6 spell levels left.
You didn't know any spells.
Your spell library contained the following spells:

 Spells                   Type           Power      Damage    Failure   Level
 Freeze                   Ice            0%         1d3       78%         1
 Magic Dart               Conj           0%         1d3       78%         1
 Call Imp                 Summ           0%         N/A       89%         2
 Frozen Ramparts          Ice            0%         1d1       98%         3
 Hailstorm                Conj/Ice       0%         3d3       98%         3
 Mephitic Cloud           Conj/Pois/Air  0%         N/A       98%         3


Dungeon Overview and Level Annotations

Branches:
Dungeon (5/15)
 Temple: D:4-7

Altars:
Elyvilon
Gozag
Nemelex Xobeh
Xom
The Shining One

Annotations:
D:3 2 transporters, Ethylacetat's ghost, amateur OpGl
D:5 Pikel


Innate Abilities, Weirdness & Mutations

You are immune to sickness and miasma.
Your stone body is resilient. (AC +4)
You are immune to poison.
You resist negative energy. (rN+)
You are resistant to electric shocks. (rElec)
You are resistant to unholy torment.
You are immune to petrification.


Message History

Pikel attacks as you move away!
Pikel hits you with a +2 whip of freezing.
Pikel freezes you.
Pikel says, "All the lords of Hell know my name!"
Pikel attacks as you move away! Pikel hits you but does no damage.
A lemure comes into view.
The lemure shouts!
Pikel attacks as you move away! Pikel hits you but does no damage.
Pikel says, "You'll feel the lick of my whip!"
Pikel attacks as you move away! Pikel closely misses you.
Pikel attacks as you move away!
Pikel hits you with a +2 whip of freezing.
Pikel freezes you.
* * * LOW HITPOINT WARNING * * *
Pikel attacks as you move away! You block Pikel's attack.
Pikel attacks as you move away! Pikel hits you but does no damage.
Pikel attacks as you move away!
Pikel hits you with a +2 whip of freezing.
* * * LOW HITPOINT WARNING * * *
Pikel freezes you.
* * * LOW HITPOINT WARNING * * *
Pikel says, "You'll make a fine lemure."
Pikel attacks as you move away! You block Pikel's attack.
Pikel attacks as you move away! Pikel hits you but does no damage.
Pikel attacks as you move away!
Pikel hits you with a +2 whip of freezing.
* * * LOW HITPOINT WARNING * * *
Pikel freezes you.
* * * LOW HITPOINT WARNING * * *
Pikel attacks as you move away! You block Pikel's attack.
Pikel attacks as you move away! Pikel barely misses you.
Pikel attacks as you move away! You block Pikel's attack.
Pikel attacks as you move away!
Pikel hits you with a +2 whip of freezing.
* * * LOW HITPOINT WARNING * * *
Pikel freezes you.
* * * LOW HITPOINT WARNING * * *
Pikel attacks as you move away!
Pikel hits you with a +2 whip of freezing!
You die...

#.........#
...
#.........#
..
#.........#
.
#.........#
###.#######
#5# #.###
#.K.# ##.@#
#..# #.
#..# #.
####..####
#. #+#
#........#
#.###.#
#.######.#
#.....#
#...##...#
+....<#
###.##.###
#....##
#...##...#
#....#


You could see Pikel and a lemure.

Vanquished Creatures
  An ogre (D:4)
  2 lemures (D:5)
  A scorpion (D:4)
  2 orc priests
  A sleepcap (D:4)
  An iguana (D:3)
  An orc wizard (D:4)
  4 adders
  A shadow imp (D:5)
  2 worms
  A dart slug (D:4)
  13 orcs
  4 ball pythons
  6 endoplasms
  6 giant cockroaches
  11 goblins
  9 hobgoblins
  2 jackals (D:3)
  4 quokkas
  4 bats
  3 frilled lizards
  6 kobolds
  5 rats
90 creatures vanquished.

Notes
Turn   | Place    | Note
-------+----------+-------------------------------------------
     0 | D:1      | AdnanSaban the Gargoyle Fighter began the quest for the
                  | Orb.
     0 | D:1      | Reached XP level 1. HP: 14/14 MP: 1/1
   155 | D:1      | Reached XP level 2. HP: 19/19 MP: 2/2
   839 | D:1      | Reached XP level 3. HP: 23/23 MP: 3/3
  1249 | D:2      | Reached skill level 3 in Maces & Flails
  1312 | D:2      | Reached XP level 4. HP: 28/28 MP: 4/4
  1686 | D:3      | Found a transporter.
  1689 | D:3      | Noticed Ethylacetat's ghost (amateur OpGl)
  1697 | D:3      | Found a transporter.
  1870 | D:3      | Found a white marble altar of Elyvilon.
  1870 | D:3      | Found an opulent altar of Gozag.
  1872 | D:3      | Found a glowing golden altar of the Shining One.
  1884 | D:3      | Reached XP level 5. HP: 29/33 MP: 5/5
  2070 | D:3      | Found a faded altar of an unknown god.
  2243 | D:4      | Found a sparkling altar of Nemelex Xobeh.
  2321 | D:4      | Reached skill level 4 in Maces & Flails
  2548 | D:4      | Reached skill level 1 in Dodging
  2548 | D:4      | Reached XP level 6. HP: 38/38 MP: 6/6
  2720 | D:4      | Found a shimmering altar of Xom.
  2965 | D:4      | Reached skill level 5 in Maces & Flails
  3001 | D:5      | Entered Level 5 of the Dungeon
  3215 | D:5      | Reached XP level 7. HP: 25/43 MP: 7/7
  3280 | D:5      | Noticed Pikel
  3328 | D:5      | Mangled by Pikel

Illustrated notes

Levels and vault maps discovered:
D:1:      lightli_arrival_lavapool, layout_basic
D:2:      layout_loops_cross
D:3:      layout_basic, gammafunk_temple_overflow_claw,
          ebering_ecumenical_altar_petrified, gammafunk_ghost_mausoleum
D:4:      layout_basic, nemelex_xobeh_ov_fountains_minmay, old_standard_altar,
          minmay_misc_feat_cross, kennysheep_generic_room_16
D:5:      layout_basic, hangedman_decor_riveting, bh_walls_and_bars, uniq_pikel

Skill      XL: |  1  2  3  4  5  6 |
---------------+-------------------+-----
Maces & Flails | 3 4 5 |  5.1
Armour         | 4 |  4.8
Fighting       | 4 |  4.1
Dodging        | 1 |  1.3
Shields        | 4 |  4.1
Stealth        | |  0.6

Action                     |  1- 3 |  4- 6 |  7- 9 || total
---------------------------+-------+-------+-------++-------
  Melee: Flail             |   117 |   247 |     6 ||   370
 Armour: Scale mail        |    54 |   129 |     6 ||   189
  Dodge: Dodged            |    56 |   105 |     2 ||   163
  Block: Buckler           |    18 |    39 |     4 ||    61

Table legend: (Time is in decaauts)
 A = Elapsed time spent in this place.
 B = Non-inter-level travel time spent in this place.
 C = Inter-level travel time spent in this place.
 D = Time resting spent in this place.
 E = Time spent auto-exploring this place.
 F = Levels seen in this place.
 G = Mean time per level.
                   A        B        C        D        E       F      G
               +--------+--------+--------+--------+--------+-----+--------+
         Total |   3420 |   3283 |    137 |      0 |   2500 |   5 |  684.0 |
       Dungeon |   3420 |   3283 |    137 |      0 |   2500 |   5 |  684.0 |
               +--------+--------+--------+--------+--------+-----+--------+

Top non-repeatable levels by time:
     D:1: 912 daAuts
     D:4: 808 daAuts
     D:3: 685 daAuts
     D:2: 674 daAuts
     D:5: 339 daAuts
